 Dungeon Crawl Stone Soup version 0.28-a0-1130-gc51a68064b (webtiles) character file.

Game seed: 5102718873579171402

573295 oldriver the Archmage (level 25, -1/202 HPs)
             Began as a Purple Draconian Conjurer on Dec 8, 2021.
             Was the Champion of Vehumet.
             Killed from afar by an orb of fire (11 damage)
             ... with a fireball
             ... on level 4 of the Realm of Zot on Dec 12, 2021.
             The game lasted 05:35:40 (97505 turns).

oldriver the Archmage (Purple Draconian Conjurer)  Turns: 97505, Time: 05:35:41

Health: -1/202     AC: 23    Str: 17 (18) XL:     25   Next: 70%
Magic:  15/63      EV: 21    Int: 30      God:    Vehumet [******]
Gold:   5095       SH: 11    Dex: 18 (19) Spells: 8/78 levels left

rFire   + + +      SeeInvis .   B - +5 war axe of the Final Decision {spect, rF+ rC+ Dex+4}
rCold   + + +      Faith    .   g - +1 buckler {rC+ rF+}
rNeg    + . .      Spirit   .   (armour unavailable)
rPois   +          Reflect  +   L - +2 hat {Stlth+}
rElec   +          Harm     .   F - +2 ratskin cloak {*Rats rPois rN+ Str-1 Int-1 Dex+1}
rCorr   +          Rampage  .   R - +2 pair of gloves {Str+3}
Will    +++..                   l - +2 pair of boots {Stlth+}
Stlth   +++++.....              V - amulet "Ocvi" {Reflect rCorr Str+4 SH+5}
HPRegen 0.43/turn               M - ring of Weudozip {rElec rPois rCorr MP+9 Dex+3}
MPRegen 0.38/turn               U - ring "Tewutt" {Wiz Int+4}

@: mighty, resistant, flying, invisible, unable to read
A: breathe power, AC +12, unfitting armour, cold-blooded, big wings, horns 1,
frail 1, screaming 1, no potion heal 1, inability to read while threatened,
devolution 1
}: 3/15 runes: decaying, silver, gossamer
a: Breathe Dispelling Energy, Renounce Religion


You were on level 4 of the Realm of Zot.
You worshipped Vehumet.
Vehumet was exalted by your worship.
You visited 10 branches of the dungeon, and saw 49 of its levels.
You also visited: Ice Cave, Volcano and Desolation.

You collected 8529 gold pieces.
You spent 3434 gold pieces at shops.

Inventory:

Hand Weapons
 B - the +5 war axe of the Final Decision (weapon) {spect, rF+ rC+ Dex+4}
   (You found it on level 8 of the Dungeon)

   When its wielder attacks, the weapon's spirit leaps out and strikes again.
   The spirit shares a part of any damage it takes with its wielder.
   Dex:       It affects your dexterity (+4).
   rF:        It protects you from fire.
   rC:        It protects you from cold.
Missiles
 p - 2 throwing nets
Armour
 g - a +1 buckler of resistance (worn)
 l - a +2 pair of boots of stealth (worn)
 F - the +2 ratskin cloak (worn) {*Rats rPois rN+ Str-1 Int-1 Dex+1}
   (You acquired it on level 9 of the Dungeon)

   When the wearer is hurt, rats may emerge from it to assist them.
   Str:       It affects your strength (-1).
   Int:       It affects your intelligence (-1).
   Dex:       It affects your dexterity (+1).
   rPois:     It protects you from poison.
   rN:        It protects you from negative energy.
 L - a +2 hat of stealth (worn)
 R - a +2 pair of gloves of strength (worn)
Jewellery
 h - the ring of Vimp {Fire Str+4 Int+4}
   (You found it in the Desolation of Salt)

   [ring of fire]

   It enhances your fire magic.
   Str:       It affects your strength (+4).
   Int:       It affects your intelligence (+4).
   rF:        It protects you from fire.
   rC:        It makes you vulnerable to cold.
 t - the ring of Wishful Thinking {Fly rC+ Int+3}
   (You took it off a vault warden on level 5 of the Vaults)

   [ring of flight]

   Int:       It affects your intelligence (+3).
   rC:        It protects you from cold.
   Fly:       It grants you flight.
 I - a +6 ring of strength
 M - the ring of Weudozip (left hand) {rElec rPois rCorr MP+9 Dex+3}
   (You found it on level 1 of the Depths)

   [ring of magical power]

   Dex:       It affects your dexterity (+3).
   rElec:     It insulates you from electricity.
   rPois:     It protects you from poison.
   MP:        It affects your magic capacity (+9).
   rCorr:     It protects you from acid and corrosion.
 P - the ring of the Hare {EV+8}
   (You found it on level 4 of the Lair of Beasts)

   [ring of evasion]

   EV:        It affects your evasion (+8).
 U - the ring "Tewutt" (right hand) {Wiz Int+4}
   (You found it on level 3 of the Depths)

   [ring of wizardry]

   It improves your spell success rate.
   Int:       It affects your intelligence (+4).
 V - the amulet "Ocvi" (around neck) {Reflect rCorr Str+4 SH+5}
   (You took it off a centaur warrior on level 4 of the Vaults)

   [amulet of reflection]

   It reflects blocked missile attacks.
   Str:       It affects your strength (+4).
   rCorr:     It protects you from acid and corrosion.
   SH:        It affects your SH (+5).
 W - a ring of fire
 Z - the ring of Riegg {rF+ rN+ Will+ rCorr}
   (You found it on level 3 of the Elven Halls)

   [ring of willpower]

   rF:        It protects you from fire.
   rN:        It protects you from negative energy.
   rCorr:     It protects you from acid and corrosion.
   Will:      It increases your willpower.
Wands
 c - a wand of digging (45)
 i - a wand of polymorph (32)
 s - a wand of iceblast (50)
 u - a wand of paralysis (6)
 w - a wand of flame (56)
 y - a wand of mindburst (13)
 D - a wand of acid (4)
 S - a wand of charming (10)
Scrolls
 a - 4 scrolls of blinking
 b - 2 scrolls of brand weapon
 k - 8 scrolls of fog
 n - 4 scrolls of enchant weapon
 r - 41 scrolls of identify
 v - 6 scrolls of teleportation
 x - 4 scrolls of torment
 A - 2 scrolls of fear
 G - 3 scrolls of summoning
 N - 4 scrolls of holy word
 O - 9 scrolls of amnesia
 Q - 6 scrolls of magic mapping
Potions
 d - 8 potions of haste
 e - 8 potions of flight
 f - 25 potions of curing
 j - 2 potions of berserk rage
 m - 5 potions of might
 o - 7 potions of brilliance
 z - 3 potions of mutation
 C - 5 potions of lignification
 E - 6 potions of cancellation
 H - 12 potions of ambrosia
 J - 12 potions of heal wounds
 K - a potion of invisibility
 T - 3 potions of resistance
 X - 4 potions of attraction


   Skills:
 * Level 18.5 Fighting
 * Level 13.7 Dodging
 + Level 5.3 Stealth
 - Level 4.0 Shields
 O Level 27 Spellcasting
 + Level 24.4 Conjurations
 + Level 5.4 Hexes
 - Level 10.5 Translocations
 - Level 4.8 Transmutations
 + Level 20.9 Fire Magic
 + Level 2.9 Air Magic
 + Level 0.5 Earth Magic
 + Level 8.8 Poison Magic


You had 8 spell levels left.
You knew the following spells:

 Your Spells              Type           Power      Damage    Failure   Level
a - Magic Dart            Conj           100%       1d8       0%          1
b - Iskenderun's Battles  Conj           100%       2d15      0%          5
c - Iskenderun's Mystic   Conj/Tloc      98%        2d19      0%          4
d - Fulminant Prism       Conj/Hex       46%        3d21      0%          4
e - Mephitic Cloud        Conj/Pois/Air  85%        N/A       0%          3
f - Ignite Poison         Fire/Tmut/Pois 83%        N/A       0%          3
g - Stone Arrow           Conj/Erth      100%       3d13      0%          3
h - Olgreb's Toxic Radia  Pois           76%        N/A       1%          4
i - Passwall              Tmut/Erth      45%        N/A       1%          2
j - Swiftness             Air            55%        N/A       1%          3
k - Starburst             Conj/Fire      54%        6d15      0%          6
l - Orb of Destruction    Conj           56%        9d16      0%          7
m - Searing Ray           Conj           100%       2d8       0%          2
n - Fire Storm            Conj/Fire      54%        8d14      1%          9
o - Ignition              Fire           52%        3d15      1%          8
p - Dispersal             Tloc           40%        N/A       1%          6

Your spell library contained the following spells:

 Spells                   Type           Power      Damage    Failure   Level
 Lehudib's Crystal Spear  Conj/Erth      43%        10d10     3%          8
 Chain Lightning          Conj/Air       44%        3d59      22%         9
 Apportation              Tloc           100%       N/A       0%          1
 Shock                    Conj/Air       100%       1d9       0%          1
 Static Discharge         Conj/Air       89%        N/A       0%          2
 Conjure Flame            Conj/Fire      100%       6-21      0%          3
 Dazzling Flash           Conj/Hex       100%       N/A       0%          3
 Sticky Flame             Conj/Fire      100%       2d11      0%          4
 Animate Skeleton         Necr           80%        N/A       1%          1
 Beastly Appendage        Tmut           100%       N/A       1%          1
 Pain                     Necr           100%       1d9       1%          1
 Sandblast                Erth           86%        2d18      1%          1
 Call Imp                 Summ           40%        N/A       1%          2
 Corpse Rot               Necr/Air       98%        N/A       1%          2
 Ensorcelled Hibernation  Hex/Ice        100%       N/A       1%          2
 Poisonous Vapours        Pois/Air       100%       N/A       1%          2
 Sublimation of Blood     Necr           40%        N/A       1%          2
 Wereblood                Tmut           63%        N/A       1%          2
 Confusing Touch          Hex            65%        N/A       1%          3
 Gell's Gravitas          Tloc           81%        N/A       1%          3
 Ozocubu's Armour         Ice            40%        N/A       1%          3
 Portal Projectile        Hex/Tloc       100%       N/A       1%          3
 Spider Form              Tmut/Pois      69%        N/A       1%          3
 Summon Guardian Golem    Hex/Summ       54%        N/A       1%          3
 Teleport Other           Tloc           81%        N/A       1%          3
 Vampiric Draining        Necr           40%        2d8       1%          3
 Airstrike                Air            27%        N/A       1%          4
 Hailstorm                Conj/Ice       85%        3d17      1%          4
 Ice Form                 Ice/Tmut       53%        N/A       1%          4
 Leda's Liquefaction      Hex/Erth       27%        N/A       1%          4
 Petrify                  Tmut/Erth      54%        N/A       1%          4
 Summon Lightning Spire   Summ/Air       49%        N/A       1%          4
 Alistair's Intoxication  Tmut/Pois      46%        N/A       1%          5
 Blade Hands              Tmut           31%        N/A       1%          5
 Freezing Cloud           Conj/Ice/Air   38%        6-21      1%          5
 Irradiate                Conj/Tmut      45%        3d29      1%          5
 Lee's Rapid Deconstruct  Erth           21%        3d13*     1%          5
 Lightning Bolt           Conj/Air       44%        1d64      1%          5
 Summon Forest            Summ/Tloc      32%        N/A       1%          5
 Yara's Violent Unravell  Hex/Tmut       32%        3d13      1%          5
 Conjure Ball Lightning   Conj/Air       44%        3x3d15    1%          6
 Eringya's Noxious Bog    Tmut/Pois      34%        N/A       1%          6
 Spellforged Servitor     Conj/Summ      42%        N/A       1%          7
 Animate Dead             Necr           20%        N/A       2%          4
 Dispel Undead            Necr           40%        3d16      2%          4
 Metabolic Englaciation   Hex/Ice        27%        N/A       2%          5
 Summon Mana Viper        Hex/Summ       54%        N/A       2%          5
 Borgnjor's Vile Clutch   Necr/Erth      21%        N/A       6%          5
 Excruciating Wounds      Necr           20%        N/A       7%          5
 Statue Form              Tmut/Erth      36%        N/A       12%         6
 Disjunction              Tloc           40%        N/A       21%         8
 Malign Gateway           Summ/Tloc      32%        N/A       24%         7
 Dragon Form              Tmut           31%        N/A       26%         7
 Death Channel            Necr           20%        N/A       34%         6
 Simulacrum               Ice/Necr       20%        N/A       34%         6
 Ozocubu's Refrigeration  Ice            20%        4d9       43%         7
 Maxwell's Capacitive Co  Air            27%        ∞         69%         8
 Discord                  Hex            32%        N/A       83%         8
 Haunt                    Necr/Summ      20%        N/A       87%         7
 Summon Hydra             Summ           20%        N/A       87%         7
 Summon Horrible Things   Summ           20%        N/A       100%        8
 Polar Vortex             Ice            20%        N/A       100%        9
 Animate Armour           Summ/Erth      Unusable   N/A       N/A         4

Dungeon Overview and Level Annotations

Branches:
Dungeon (15/15)            Temple (1/1) D:7            Lair (6/6) D:11
  Swamp (4/4) Lair:3       Spider (4/4) Lair:2        Slime (0/5) Lair:5
    Orc (2/2) D:9             Elf (3/3) Orc:2        Vaults (5/5) D:13
  Crypt (0/3) Vaults:3     Depths (4/4) D:15            Zot (5/5) Depths:4
  IceCv (visited)         Volcano (visited)         Desolation (visited)

Altars:
Ashenzari
Cheibriados
Dithmenos
Elyvilon
Fedhas
Gozag
Hepliaklqana
Kikubaaqudgha
Makhleb
Nemelex Xobeh
Okawaru
Qazlal
Ru
Sif Muna
Trog
Uskayaw
Vehumet
Wu Jian
Xom
Yredelemnul
Zin
The Shining One
Beogh
Jiyva

Shops:
D:9 *   D:11 *   Orc:2 :([*   Elf:2 [(:!!   Elf:3 ?   Vaults:1 *   Vaults:2 !
Zot:5 *   Depths:2 (   Depths:3 [

Portals:
Hell: Depths:1 Depths:2 Depths:3 Depths:4
Abyss: Depths:3
Pandemonium: Depths:2 Depths:3 Depths:4
Ziggurat: Depths:2
Trove: Elf:3 (give 6 scrolls of blinking)

Annotations:
D:9 1 runed translucent door, pigah's ghost, journeyman OpWn
D:12 1 runed translucent door, Dulog's ghost, journeyman HuCA
D:14 3 runed translucent doors, exclusion: orange crystal statue, Roxanne
Lair:5 2 transporters
Orc:2 1 runed translucent door, sojurn's ghost, journeyman MiBe
Depths:3 2 transporters


Innate Abilities, Weirdness & Mutations

You can breathe bolts of dispelling energy.
Your rich purple scales are hard. (AC +12)
You cannot fit into any form of body armour.
You are cold-blooded and may be slowed by cold attacks.
Your large and strong wings let you fly.
You have a pair of small horns on your head.
You are frail. (-10% HP)
You occasionally shout uncontrollably at your foes.
Potions are less effective at restoring your health.
You sometimes lose the ability to read scrolls when taking damage.
You have hidden genetic defects.


Message History

Your system partially rejects the healing.
You feel much better.
The orb of fire emits a lurid red light.
The fireball explodes!
The fireball engulfs you! You resist.
* * * LOW HITPOINT WARNING * * *
The fireball engulfs the orb of fire.
The orb of fire completely resists.
The fireball engulfs the orb of fire.
The orb of fire completely resists.
The orb of fire glows deep purple.
The fireball explodes!
The fireball engulfs you! You resist.
* * * LOW HITPOINT WARNING * * *
The fireball engulfs the orb of fire.
The orb of fire completely resists.
The fireball engulfs the orb of fire.
The orb of fire completely resists.
Unknown command.
Casting: Dispersal (mildly dangerous; 1% risk of failure)
Confirm with . or Enter, or press ? or * to list all spells.
You erupt in a blast of force!
The mystic blast hits the orb of fire but does no damage.
The orb of fire is heavily damaged.
The mystic blast hits the orb of fire!
The orb of fire is severely damaged.
The orb of fire is knocked back by the mystic blast.
Okay, then.
Your system partially rejects the healing.
You feel much better.
The orb of fire glows yellow.
The bolt of fire hits you. You resist.
* * * LOW HITPOINT WARNING * * *
The orb of fire glows bright magenta.
Strange energies course through your body.
You feel clumsy.
You fade into invisibility!
The orb of fire glows yellow.
The bolt of fire hits you! You resist.
* * * LOW HITPOINT WARNING * * *
The orb of fire glows deep purple.
Strange energies course through your body.
Your wings grow larger and stronger.
The orb of fire glows deep purple.
The fireball explodes!
The fireball engulfs you! You resist.
You die...

#.######.............#
#.##...).............#
#.##.###.............#
#.##.# #.............#
#.##.# #.............#
#.##.# #.............#
#.##=# #.............#
#.##.# #..<..........#
#....# #........@....#
####.# #........*....#
.....# #.............#
###### #...........*.#
#.............#
###############


You could see 2 orbs of fire.

Vanquished Creatures
  4 orbs of fire
  2 ancient liches
  Sojobo (Vaults:2)
  4 Killer Klowns (Zot:5)
  Saint Roka (Vaults:4)
  Xtahua (Vaults:5)
  the Lernaean hydra (Swamp:4)
  3 curse toes
  2 caustic shrikes (Depths:3)
  6 golden dragons
  Nikola (Depths:2)
  the Enchantress (Depths:4)
  2 electric golems
  A walking crystal tome (Depths:3)
  8 tentacled monstrosities
  Rupert (D:15)
  Asterion (Spider:3)
  5 deep elf blademasters
  5 liches
  9 Orb Guardians (Zot:5)
  4 titans (Vaults:5)
  2 deep elf master archers (Elf:3)
  5 quicksilver dragons
  6 death cobs
  Gastronok (Lair:2)
  An ancient champion (Vaults:3)
  10 sphinxes
  11 tengu reavers
  Kirke (Lair:6)
  13 storm dragons
  12 shadow dragons
  2 draconian monks
  A fenstrider witch (Swamp:1)
  Donald (Spider:3)
  3 draconian knights
  10 fire giants
  5 deep elf sorcerers
  A cacodemon (Depths:4)
  7 frost giants
  6 ghost moths
  Louise (D:14)
  5 orc warlords
  2 iron dragons
  4 draconian stormcallers
  A draconian scorcher (Zot:1)
  3 deep elf elementalists (Elf:3)
  3 draconian shifters
  23 vault wardens
  4 emperor scorpions
  A reaper (Depths:2)
  A draconian annihilator (Zot:5)
  3 spriggan defenders (Depths:4)
  16 ironbound preservers
  4 war gargoyles
  17 stone giants
  16 very ugly things
  11 dire elephants
  4 green draconians
  2 vampire knights (Depths:3)
  Azrael (D:14)
  7 red draconians
  2 bunyips
  7 entropy weavers
  4 eleionomae
  11 yellow draconians
  2 halazid warlocks (Desolation)
  4 deep elf demonologists
  7 deep elf annihilators
  5 spark wasps
  6 black draconians
  8 white draconians
  17 ettins
  8 purple draconians
  An eidolon (Vaults:3)
  3 crystal guardians
  7 ragged hierophants (Desolation)
  6 deep elf death magi
  2 shambling mangroves (Swamp:3)
  5 fire dragons
  8 great orbs of eyes
  14 ironbound thunderhulks
  6 deep elf high priests
  14 yaktaur captains
  5 rakshasas
  23 hydras
  40 vault guards
  13 servants of whispers (Desolation)
  A hydra (shapeshifter) (Vaults:5)
  Harold (D:8)
  An ogre mage (Vaults:5)
  8 ice dragons
  12 ironbound frosthearts
  19 centaur warriors
  8 peacekeepers
  4 spriggan air magi
  7 boulder beetles
  2 ghost crabs
  A catoblepas (Lair:6)
  28 dancing weapons
  6 alligators
  4 two-headed ogres
  3 death yaks (Lair:6)
  8 spriggan berserkers
  3 vampire magi
  5 deep troll shamans
  3 tengu warriors
  5 deep troll earth magi
  A storm dragon zombie (Vaults:3)
  Urug (Orc:2)
  A hell hog (Depths:2)
  4 orc high priests
  7 hell knights (Depths:3)
  12 deep elf knights
  3 soul eaters
  A salamander mystic (Depths:2)
  A shadow wraith (Vaults:5)
  2 skeletal warriors (Volcano)
  9 iron trolls
  11 goliath frogs
  A sea snake (shapeshifter) (Vaults:5)
  4 flayed ghosts
  4 bog bodies
  6 spriggan druids
  20 swamp dragons
  46 deep trolls
  3 glowing orange brains
  13 deep elf archers
  31 ironbound convokers
  An orange crystal statue (Depths:1)
  10 wizards
  11 lindwurms
  47 deep elf pyromancers
  11 orc knights
  4 necromancers
  5 anaconda skeletons (Volcano)
  7 phantasmal warriors
  35 deep elf zephyrmancers
  35 wolf spiders
  5 orc sorcerers
  2 salamanders (Depths:2)
  40 ugly things
  41 slime creatures
  A cyclops (D:11)
  3 will-o-the-wisps
  5 manticores
  20 orb spiders
  19 moths of wrath
  2 ice statues (IceCv)
  3 guardian serpents (Desolation)
  A fire giant skeleton (Vaults:3)
  2 water nymphs (Swamp:3)
  Joseph (D:9)
  15 vault sentinels
  26 elephants
  A rust devil (Depths:4)
  A black mamba (shapeshifter) (D:15)
  A smoke demon (Depths:2)
  A torpor snail (Lair:6)
  6 black mambas
  6 cane toads
  A naga mage (D:15)
  5 gargoyles (Volcano)
  Maggie (D:7)
  A hellion (Zot:5)
  7 komodo dragons
  A kobold demonologist (D:11)
  11 rime drakes
  2 efreet
  21 yaktaurs
  17 demonic crawlers
  A freezing wraith (D:14)
  8 trolls
  A yaktaur (shapeshifter) (D:13)
  31 jumping spiders
  4 bloated husks
  3 tengu conjurers
  2 tyrant leeches (shapeshifter) (Vaults:5)
  12 polar bears
  2 merfolk (shapeshifter) (Vaults:5)
  A queen bee (D:11)
  12 tyrant leeches
  A wolf spider simulacrum (D:15)
  A jumping spider (shapeshifter) (Vaults:5)
  62 saltlings (Desolation)
  18 hornets
  16 dream sheep
  Prince Ribbit (D:7)
  14 blink frogs
  4 raiju (Lair:6)
  An air elemental (Elf:3)
  14 water elementals
  3 shadows
  3 centaur simulacra (D:15)
  3 flying skulls (Volcano)
  A ynoxinul (Depths:4)
  2 alligator skeletons (Volcano)
  44 tarantellas
  A wyvern (Lair:6)
  124 redbacks
  A spriggan (shapeshifter) (D:12)
  11 spriggans
  2 wraiths
  4 hogs
  A basilisk (shapeshifter) (Vaults:5)
  7 fire elementals
  49 yaks
  A hog (shapeshifter) (Vaults:5)
  A neqoxec (Depths:4)
  3 steam dragons
  5 basilisks
  9 wargs
  Menkaure (D:4)
  5 vampire mosquitoes (D:10)
  A swamp worm (shapeshifter) (Vaults:2)
  Duvessa (D:7)
  2 two-headed ogre zombies (D:9)
  An acid dragon (D:9)
  12 water moccasins
  14 swamp worms
  4 floating eyes (Depths:3)
  15 hell hounds
  7 swamp drakes
  2 ice beasts
  A hornet zombie (D:7)
  37 orc warriors
  2 sky beasts
  13 black bears
  5 boggarts (Vaults:4)
  2 necrophages
  22 wolves (Lair:6)
  10 ogres
  7 centaurs
  3 phantoms
  7 kobold brigands
  8 bullfrogs
  A gnoll sergeant (D:7)
  Blork the orc (Orc:2)
  3 earth elementals
  2 scorpions
  An ogre simulacrum (Vaults:3)
  A water moccasin zombie (D:5)
  A wyvern skeleton (D:6)
  Dowan (D:7)
  32 killer bees
  A troll zombie (D:9)
  2 spriggan skeletons (Volcano)
  4 lindwurm simulacra (IceCv)
  10 howler monkeys
  2 troll skeletons (Volcano)
  5 electric eels (Lair:6)
  A bullfrog zombie (D:6)
  3 jellies
  2 hounds
  3 centaur skeletons
  8 komodo dragon simulacra (IceCv)
  15 orc priests
  7 centaur zombies
  An iguana (D:6)
  31 orc wizards
  Terence (D:1)
  7 hell rats (Lair:5)
  A killer bee zombie (D:8)
  5 ogre zombies (D:9)
  A hound skeleton (D:5)
  Robin (D:2)
  4 acid dragon simulacra (IceCv)
  6 adders
  8 gnolls
  A shadow imp (D:6)
  A white imp (D:7)
  An ufetubus (D:6)
  5 steam dragon simulacra (IceCv)
  A worm (D:4)
  4 dart slugs
  61 orcs
  3 ball pythons
  8 endoplasms
  4 giant cockroaches
  13 goblins
  10 hobgoblins
  7 jackals
  2 quokkas
  16 bats
  3 frilled lizards
  2 goblin skeletons (D:9)
  3 goblin zombies (D:9)
  4 hobgoblin skeletons (D:9)
  4 hobgoblin zombies (D:9)
  19 kobolds
  2 orc skeletons (D:9)
  10 orc zombies (D:9)
  3 rats
  2 bushes
  4 fire vortices
  8 fulminant prisms
2302 creatures vanquished.

Vanquished Creatures (collateral kills)
  A tentacled monstrosity (Zot:4)
  A titan (Vaults:5)
  A shadow dragon (Vaults:5)
  2 storm dragons (Vaults:5)
  A draconian shifter (Zot:2)
  An ironbound preserver (Vaults:4)
  A stone giant (Vaults:5)
  A green draconian (Zot:3)
  A vampire knight (Depths:3)
  2 red draconians
  A vault guard (Vaults:4)
  An ugly thing (Vaults:4)
  A yaktaur (Vaults:4)
  An ogre (Vaults:4)
  An orc priest (Vaults:4)
  An orc wizard (Vaults:4)
  2 orcs (Vaults:4)
20 creatures vanquished.

Vanquished Creatures (others)
  A draconian knight (Zot:4)
  2 draconian stormcallers (Zot:4)
  A draconian annihilator (Zot:4)
  2 white draconians (Zot:4)
  3 red draconians (Zot:4)
  A yaktaur captain (Vaults:5)
  A hydra (Swamp:4)
  A deep troll earth mage (Vaults:5)
  A deep elf knight (Elf:2)
  A deep elf pyromancer (Elf:1)
  3 bloated husks
  An elf zombie (Vaults:3)
  An orc wizard (D:12)
  334 fire vortices
  6 foxfires
  196 fulminant prisms
  54 fungi
  126 plants
  3 withered plants (Desolation)
738 creatures vanquished.

Grand Total: 3060 creatures vanquished

Notes
Turn   | Place    | Note
-------+----------+-------------------------------------------
     0 | D:1      | oldriver the Draconian Conjurer began the quest for the
                  | Orb.
     0 | D:1      | Reached XP level 1. HP: 14/14 MP: 3/3
   416 | D:1      | Reached XP level 2. HP: 19/20 MP: 0/5
   646 | D:1      | Reached skill level 3 in Spellcasting
  1198 | D:2      | Reached XP level 3. HP: 25/26 MP: 2/7
  1629 | D:2      | Noticed Terence
  1690 | D:1      | Learned a level 2 spell: Searing Ray
  1889 | D:1      | Killed Terence
  1890 | D:1      | Reached skill level 4 in Spellcasting
  1890 | D:1      | Reached XP level 4. HP: 34/34 MP: 6/10
  2497 | D:2      | Noticed Robin
  2503 | D:2      | Killed Robin
  3323 | D:3      | Reached XP level 5. HP: 39/39 MP: 9/11
  3778 | D:4      | Learned a level 4 spell: Iskenderun's Mystic Blast
  3873 | D:4      | Noticed Menkaure
  3881 | D:4      | Killed Menkaure
  3882 | D:4      | Reached skill level 5 in Spellcasting
  3882 | D:4      | Reached XP level 6. HP: 41/46 MP: 2/13
  4435 | D:5      | Entered Level 5 of the Dungeon
  4440 | D:5      | Reached skill level 1 in Fighting
  4555 | D:5      | Reached skill level 5 in Conjurations
  5003 | D:5      | Noticed a sky beast
  5007 | D:5      | Killed a sky beast
  5008 | D:5      | Reached skill level 6 in Spellcasting
  5008 | D:5      | Your scales start taking on a rich purple colour.
  5008 | D:5      | Reached skill level 7 in Spellcasting
  5008 | D:5      | Reached XP level 7. HP: 52/52 MP: 10/17
  5256 | D:5      | Learned a level 4 spell: Fulminant Prism
  5816 | D:5      | Reached skill level 1 in Translocations
  5831 | D:5      | Reached skill level 8 in Spellcasting
  6159 | D:5      | Reached XP level 8. HP: 54/59 MP: 14/20
  7098 | D:6      | Reached skill level 9 in Spellcasting
  7658 | D:7      | Noticed Maggie
  7773 | D:7      | Reached XP level 9. HP: 29/67 MP: 10/22
  8033 | D:7      | Killed Maggie
  8046 | D:7      | Reached skill level 10 in Spellcasting
  8137 | D:7      | HP: 2/67 [steam dragon/ball of steam (20)]
  8592 | D:7      | Noticed Prince Ribbit
  8601 | D:7      | Killed Prince Ribbit
  8601 | D:7      | Noticed Dowan
  8892 | D:7      | You fall into a shaft and drop 2 floors!
  8986 | D:9      | Noticed Joseph
  9930 | D:9      | Reached XP level 10. HP: 77/77 MP: 24/24
 10090 | D:9      | Found a staircase to the Orcish Mines.
 10296 | D:7      | Reached skill level 11 in Spellcasting
 10407 | D:7      | Noticed Duvessa
 10416 | D:7      | Killed Duvessa
 10421 | D:7      | Killed Dowan
 10521 | D:7      | Found a staircase to the Ecumenical Temple.
 10549 | Temple   | Entered the Ecumenical Temple
 10679 | Temple   | Became a worshipper of Vehumet
 11349 | D:8      | Noticed Harold
 11360 | D:8      | Killed Harold
 11361 | D:8      | Reached skill level 10 in Conjurations
 11361 | D:8      | Reached skill level 1 in Hexes
 11504 | D:8      | Noticed a two-headed ogre
 11512 | D:8      | Killed a two-headed ogre
 11766 | D:8      | Identified the +4 ring mail of Bitterness {Harm rC+ Str+4}
 11887 | D:8      | Identified the +5 war axe of the Final Decision {spect, rF+
                  | rC+ Dex+4}
 11987 | D:8      | Reached skill level 5 in Translocations
 12069 | D:8      | Reached skill level 12 in Spellcasting
 12485 | D:8      | Learned a level 3 spell: Mephitic Cloud
 12489 | D:8      | Learned a level 3 spell: Ignite Poison
 12713 | D:9      | Found a runed translucent door.
 12713 | D:9      | Noticed pigah's ghost (journeyman OpWn)
 12744 | D:9      | Killed Joseph
 12905 | D:9      | Found a burning altar of Makhleb.
 12964 | D:9      | Found Lammio's Assorted Antiques.
 13191 | D:9      | Noticed a manticore
 13200 | D:9      | Killed a manticore
 13201 | D:9      | Reached XP level 11. HP: 72/84 MP: 21/27
 13236 | D:9      | Reached * piety under Vehumet
 13236 | D:9      | Offered knowledge of Sandblast by Vehumet.
 13573 | D:9      | Got Keammuvu's Papyrus of Shifting Companions
 13643 | D:10     | Entered Level 10 of the Dungeon
 13849 | D:10     | Reached skill level 1 in Poison Magic
 14645 | D:11     | Noticed a two-headed ogre
 14652 | D:11     | Killed a two-headed ogre
 14653 | D:11     | Reached skill level 5 in Fighting
 14815 | D:11     | Reached skill level 13 in Spellcasting
 14815 | D:11     | Offered knowledge of Freeze by Vehumet.
 14815 | D:11     | Reached ** piety under Vehumet
 14921 | D:11     | Noticed a two-headed ogre
 14929 | D:11     | Killed a two-headed ogre
 14930 | D:11     | Reached skill level 1 in Shields
 15137 | D:11     | Found a staircase to the Lair.
 15298 | D:11     | Offered knowledge of Stone Arrow by Vehumet.
 15305 | D:11     | Reached XP level 12. HP: 61/94 MP: 10/29
 15675 | D:11     | Found Dualoxzoa's General Store.
 15763 | Lair:1   | Entered Level 1 of the Lair of Beasts
 16059 | Lair:1   | Reached skill level 1 in Fire Magic
 16069 | Lair:1   | Reached *** piety under Vehumet
 16204 | Lair:1   | Learned a level 3 spell: Stone Arrow
 16800 | Lair:2   | Noticed Gastronok
 16811 | Lair:2   | Offered knowledge of Olgreb's Toxic Radiance by Vehumet.
 17011 | Lair:2   | Found a dark tunnel.
 17045 | Volcano  | Entered a volcano
 17173 | Volcano  | Reached skill level 14 in Spellcasting
 17370 | Volcano  | Reached **** piety under Vehumet
 18150 | Lair:2   | Learned a level 4 spell: Olgreb's Toxic Radiance
 18249 | Lair:2   | Killed Gastronok
 18250 | Lair:2   | Reached XP level 13. HP: 79/103 MP: 13/31
 18409 | Lair:2   | Learned a level 2 spell: Passwall
 18413 | Lair:2   | Learned a level 3 spell: Swiftness
 18500 | Lair:2   | Found a hole to the Spider Nest.
 18548 | Lair:2   | Identified the ring "Omikla Otor" {*Slow rN+ Will- Int+6
                  | Dex+7}
 18828 | Lair:3   | Reached skill level 1 in Transmutations
 18951 | Lair:3   | Reached skill level 15 in Spellcasting
 19011 | Lair:3   | Offered knowledge of Hailstorm by Vehumet.
 19672 | Lair:3   | Learned a level 6 spell: Starburst
 19672 | Lair:3   | Found a staircase to the Swamp.
 20565 | Lair:4   | Found the ring of the Hare {EV+8}
 20853 | Lair:4   | Reached skill level 5 in Fire Magic
 20855 | Lair:4   | Reached ***** piety under Vehumet
 20860 | Lair:4   | Reached skill level 5 in Poison Magic
 21182 | Lair:5   | Offered knowledge of Airstrike by Vehumet.
 21214 | Lair:5   | Reached skill level 1 in Air Magic
 21459 | Lair:5   | Found a transporter.
 21803 | Lair:5   | Found a transporter.
 21986 | Lair:5   | Reached skill level 16 in Spellcasting
 22179 | Lair:5   | Found a staircase to the Slime Pits.
 22179 | Lair:5   | Found a viscous altar of Jiyva.
 22418 | Lair:6   | Entered Level 6 of the Lair of Beasts
 22433 | Lair:6   | Reached XP level 14. HP: 109/114 MP: 9/34
 22880 | Lair:6   | Offered knowledge of Conjure Ball Lightning by Vehumet.
 23116 | Lair:6   | Reached skill level 15 in Conjurations
 23376 | Lair:6   | Reached skill level 17 in Spellcasting
 23592 | Lair:6   | Noticed Kirke
 25395 | Lair:6   | Killed Kirke
 26252 | Lair:6   | Identified the +7 glaive of Defiance {flame, rPois rF++ rC-
                  | Dex+4}
 26486 | D:12     | Found a frozen archway.
 26493 | D:12     | Offered knowledge of Orb of Destruction by Vehumet.
 26772 | IceCv    | Entered an ice cave
 26842 | IceCv    | Reached XP level 15. HP: 124/124 MP: 29/36
 26856 | IceCv    | Learned a level 7 spell: Orb of Destruction
 27048 | IceCv    | Got Otuint's Grimoire of Cold
 27500 | IceCv    | Identified the ring "Vaofouho" {Dex+2 Slay+4 Stlth+}
 27702 | D:12     | Found a glowing silver altar of Zin.
 27801 | D:12     | Reached skill level 18 in Spellcasting
 27815 | D:12     | Reached skill level 5 in Hexes
 28175 | D:12     | Found a runed translucent door.
 28176 | D:12     | Found a shimmering altar of Xom.
 28176 | D:12     | Noticed Dulog's ghost (journeyman HuCA)
 28382 | Orc:1    | Entered Level 1 of the Orcish Mines
 28827 | Orc:1    | Offered knowledge of Lee's Rapid Deconstruction by Vehumet.
 29046 | D:9      | Identified 3 scrolls of acquirement
 29046 | D:9      | Acquired a +1 pair of boots of stealth
 29049 | D:9      | Acquired the +2 ratskin cloak {*Rats rPois rN+ Str-1 Int-1
                  | Dex+1}
 29049 | D:9      | Found the +2 ratskin cloak {*Rats rPois rN+ Str-1 Int-1
                  | Dex+1}
 29051 | D:9      | Acquired 781 gold pieces
 29358 | Orc:2    | Entered Level 2 of the Orcish Mines
 29585 | Orc:2    | Noticed an orc warlord
 29746 | Orc:2    | Killed an orc warlord
 29943 | Orc:2    | Noticed Blork the orc
 29944 | Orc:2    | Noticed Urug
 29947 | Orc:2    | Killed Blork the orc
 29947 | Orc:2    | Killed Urug
 30239 | Orc:2    | Found Omoqaw's Book Emporium.
 30261 | Orc:2    | Found Geptier's Antique Armour Emporium.
 30442 | Orc:2    | Found a runed translucent door.
 30443 | Orc:2    | Noticed sojurn's ghost (journeyman MiBe)
 30601 | Orc:2    | Found a staircase to the Elven Halls.
 30856 | Orc:2    | Found Suteu's General Store.
 30862 | Orc:2    | Bought 2 potions of curing for 66 gold pieces
 30862 | Orc:2    | Bought a scroll of fog for 22 gold pieces
 30871 | Orc:2    | Found Zorghudwu's Antique Weapon Emporium.
 31355 | Spider:1 | Entered Level 1 of the Spider Nest
 31813 | Spider:1 | Offered knowledge of Iskenderun's Battlesphere by Vehumet.
 31814 | Spider:1 | Reached skill level 19 in Spellcasting
 31972 | Spider:1 | Reached skill level 10 in Fighting
 32957 | Spider:1 | Reached XP level 16. HP: 131/134 MP: 26/39
 33440 | Spider:1 | Learned a level 5 spell: Iskenderun's Battlesphere
 33711 | Spider:2 | Reached ****** piety under Vehumet
 33711 | Spider:2 | Offered knowledge of Lightning Bolt by Vehumet.
 35091 | Spider:3 | Identified the +1 pair of gloves of Levity {Harm rElec
                  | Slay+3}
 35162 | Spider:3 | Identified the +6 spear of Intuition {antimagic, *Noise
                  | +Blink Int+3}
 35171 | Spider:3 | Noticed Asterion
 35185 | Spider:3 | Noticed an Executioner
 35185 | Spider:3 | Killed Asterion
 35389 | Spider:3 | Noticed Donald
 35397 | Spider:3 | Killed Donald
 35398 | Spider:3 | Reached skill level 20 in Spellcasting
 35794 | Spider:4 | Entered Level 4 of the Spider Nest
 36044 | Spider:4 | Offered knowledge of Iron Shot by Vehumet.
 37167 | Spider:4 | Reached skill level 21 in Spellcasting
 37168 | Spider:4 | Offered knowledge of Lehudib's Crystal Spear by Vehumet.
 37168 | Spider:4 | Offered knowledge of Fire Storm by Vehumet.
 37168 | Spider:4 | Offered knowledge of Chain Lightning by Vehumet.
 38007 | Spider:4 | Reached XP level 17. HP: 144/144 MP: 26/42
 40063 | D:13     | Found a gate to the Vaults.
 40304 | D:14     | Noticed Azrael
 40310 | D:14     | Killed Azrael
 40460 | D:14     | Noticed Louise
 40472 | D:14     | Killed Louise
 40794 | D:14     | Noticed Roxanne
 41245 | D:14     | Found a runed translucent door.
 41476 | D:14     | Found a runed translucent door.
 41526 | D:14     | Found a runed translucent door.
 41548 | D:14     | Found a runed translucent door.
 42069 | D:15     | Entered Level 15 of the Dungeon
 42470 | D:15     | Found a broken altar of Ashenzari.
 43078 | D:15     | Noticed Rupert
 43266 | D:15     | Found a staircase to the Depths.
 43354 | D:15     | Killed Rupert
 43939 | Swamp:1  | Entered Level 1 of the Swamp
 43971 | Swamp:1  | Reached skill level 22 in Spellcasting
 44950 | Swamp:2  | Reached skill level 5 in Dodging
 45943 | Swamp:2  | Found a hazy altar of Hepliaklqana.
 46539 | Depths:1 | Entered Level 1 of the Depths
 47090 | Spider:4 | Reached XP level 18. HP: 154/154 MP: 42/44
 47757 | Spider:4 | Got a gossamer rune of Zot
 49970 | Swamp:4  | Entered Level 4 of the Swamp
 50608 | Swamp:4  | Upgraded the game from 0.28-a0-1033-g1a2f33fa85 to
                  | 0.28-a0-1117-g0bdd5ba030
 50666 | Swamp:4  | Reached skill level 23 in Spellcasting
 51091 | Swamp:4  | Noticed the 27-headed Lernaean hydra
 51102 | Swamp:4  | Killed the 27-headed Lernaean hydra
 51725 | Swamp:4  | Got a decaying rune of Zot
 52093 | Elf:1    | Entered Level 1 of the Elven Halls
 52594 | Elf:1    | Identified the +3 chain mail of Foimpos {Rampage rN+++
                  | Int-2 SInv}
 53669 | Elf:2    | Reached XP level 19. HP: 159/163 MP: 18/46
 54088 | Elf:2    | Found a crumbling gateway.
 54147 | Desolati | Entered the Desolation of Salt
 54499 | Desolati | Reached skill level 24 in Spellcasting
 55673 | Desolati | Identified the ring of Vimp {Fire Str+4 Int+4}
 55734 | Desolati | Identified the ring "Yrchamomi" {Ice Int+3}
 55961 | Desolati | Got Naikasch's Guide on the Mountains
 56224 | Desolati | Identified the ring "Korrol" {rPois rCorr}
 56231 | Desolati | Identified the amulet "Biurch" {Reflect rPois rF- Str+7
                  | Slay+2 SH+5}
 56234 | Desolati | Identified the amulet "Diaditobe" {Faith Dex+4}
 56325 | Desolati | Identified the amulet "Wigeiz" {Acrobat rN+ rCorr Stlth+}
 56773 | Desolati | Got Canaiq's Reference Book on Dark Slavery
 56785 | Desolati | Identified the +6 fustibalus of Checks and Balances
                  | {vorpal, *Corrode rElec Int+7 SInv}
 56955 | Desolati | Identified the amulet "Pecuno" {Acrobat -Tele rElec rN+
                  | Dex+2}
 56977 | Desolati | Got the Papyrus of Egalitarianism
 57137 | Elf:2    | Found Xidwod's Distillery.
 57154 | Elf:2    | Bought a potion of berserk rage for 85 gold pieces
 57154 | Elf:2    | Bought a potion of brilliance for 68 gold pieces
 57154 | Elf:2    | Bought a potion of magic for 136 gold pieces
 57154 | Elf:2    | Bought a potion of cancellation for 136 gold pieces
 57154 | Elf:2    | Bought a potion of heal wounds for 85 gold pieces
 57154 | Elf:2    | Bought a potion of might for 68 gold pieces
 57154 | Elf:2    | Bought a potion of heal wounds for 85 gold pieces
 57154 | Elf:2    | Bought a potion of lignification for 51 gold pieces
 57154 | Elf:2    | Bought a potion of haste for 170 gold pieces
 57311 | Elf:2    | Found Wiepo's Distillery.
 57315 | Elf:2    | Bought a potion of berserk rage for 50 gold pieces
 57315 | Elf:2    | Bought a potion of heal wounds for 50 gold pieces
 57315 | Elf:2    | Bought a potion of curing for 30 gold pieces
 57315 | Elf:2    | Bought a potion of curing for 30 gold pieces
 57315 | Elf:2    | Bought a potion of cancellation for 80 gold pieces
 57360 | Elf:2    | Found Josk's Weapon Emporium.
 57428 | Elf:2    | Found Kuohun's Book Emporium.
 57484 | Elf:2    | Found Vistass's Antique Armour Shop.
 57772 | Elf:2    | Found a runed translucent gate.
 57772 | Elf:2    | Found a runed translucent gate.
 57773 | Elf:2    | Found a runed translucent gate.
 59001 | Elf:3    | Entered Level 3 of the Elven Halls
 59083 | Elf:3    | Paralysed by an air elemental for 1 turns
 59588 | Depths:1 | Reached XP level 20. HP: 173/173 MP: 44/48
 59825 | Depths:1 | Found a gateway to Hell.
 60100 | Depths:1 | Reached skill level 25 in Spellcasting
 60368 | Depths:1 | Found a bloodstained altar of Trog.
 60898 | Depths:1 | Identified the ring of Weudozip {rElec rPois rCorr MP+9
                  | Dex+3}
 61472 | Vaults:1 | Entered Level 1 of the Vaults
 61681 | Vaults:1 | Found Rewot's Assorted Antiques.
 61744 | Vaults:1 | Bought 2 scrolls of blinking for 585 gold pieces
 63366 | Vaults:1 | Identified the +6 glaive "Lulia" {venom, *Rage rElec Int+2}
 64253 | Vaults:2 | Noticed Sojobo
 64259 | Vaults:2 | Paralysed by an air elemental for 1 turns
 64263 | Vaults:2 | Killed Sojobo
 64966 | Vaults:2 | Found Axeh's Distillery.
 64972 | Vaults:2 | Bought a potion of haste for 200 gold pieces
 64972 | Vaults:2 | Bought a potion of heal wounds for 100 gold pieces
 64972 | Vaults:2 | Bought a potion of brilliance for 80 gold pieces
 64972 | Vaults:2 | Bought a potion of degeneration for 20 gold pieces
 66141 | Vaults:2 | Reached skill level 26 in Spellcasting
 66973 | Vaults:3 | Reached XP level 21. HP: 178/182 MP: 48/51
 69551 | Vaults:3 | Found a staircase to the Crypt.
 69613 | Vaults:3 | You fall into a shaft and drop 1 floor!
 70948 | Elf:3    | Found Dilemag's Magic Scroll Shoppe.
 70953 | Elf:3    | Bought a scroll of teleportation for 30 gold pieces
 70953 | Elf:3    | Bought a scroll of acquirement for 520 gold pieces
 70953 | Elf:3    | Bought a scroll of teleportation for 30 gold pieces
 70953 | Elf:3    | Acquired 873 gold pieces
 71519 | Elf:3    | Found a portal to a secret trove of treasure.
 71651 | Elf:3    | Reached skill level 27 in Spellcasting
 71655 | Elf:3    | Reached skill level 15 in Fighting
 72416 | Elf:3    | Identified the ring "Uraduer" {AC+4 Str+4 Int+3}
 72423 | Elf:3    | Identified the +6 mace "Xasove" {spect, rCorr Str+4 Int-3
                  | Dex+3}
 72423 | Elf:3    | Identified the ring "Diewire" {Str+6 Int+5 Dex+4 Stlth-}
 72428 | Elf:3    | Identified the +4 scimitar of Dismemberment {protect,
                  | rCorr}
 72430 | Elf:3    | Identified the +6 great mace "Hiseprom" {elec, rC- Int+4
                  | Stlth+}
 72639 | Elf:3    | Identified the +5 mace "Senostun" {drain, rElec rF+ Str-5
                  | Dex+4}
 72675 | Elf:3    | Identified the +5 dagger of Gallantry {antimagic, Str+3}
 72713 | Elf:3    | Identified the +11 shortbow of the Twelve Violins {flame,
                  | rElec rCorr Int+2}
 72723 | Elf:3    | Identified the +4 hand crossbow of Sunaiwue {flame, +Blink
                  | rF+}
 72782 | Elf:3    | Identified the ring of Riegg {rF+ rN+ Will+ rCorr}
 73221 | Depths:2 | Reached XP level 22. HP: 192/192 MP: 43/53
 73275 | Depths:2 | Found a gateway to a ziggurat.
 73365 | Depths:2 | Reached skill level 10 in Translocations
 73750 | Depths:2 | Learned a level 9 spell: Fire Storm
 74103 | Depths:2 | Reached skill level 10 in Fire Magic
 74117 | Depths:2 | Found a one-way gate leading to the halls of Pandemonium.
 74778 | Depths:2 | Found Qisawiet's Antique Weapon Shop.
 75077 | Depths:2 | Noticed Nikola
 75093 | Depths:2 | Killed Nikola
 75801 | Depths:3 | Paralysed by a floating eye for 2 turns
 75827 | Depths:3 | Found a transporter.
 76019 | Depths:2 | Upgraded the game from 0.28-a0-1117-g0bdd5ba030 to
                  | 0.28-a0-1130-gc51a68064b
 76073 | Depths:3 | Paralysed by a floating eye for 3 turns
 76158 | Depths:3 | Noticed a caustic shrike
 76164 | Depths:3 | Killed a caustic shrike
 76444 | Depths:3 | Identified the ring "Vuycetue" {Str+4 Dex+6 Slay-5 SInv}
 76541 | Depths:3 | Found a one-way gate to the infinite horrors of the Abyss.
 76733 | Depths:3 | Found Piulul's Armour Emporium.
 76813 | Depths:3 | Bought a +1 buckler of resistance for 657 gold pieces
 77057 | Depths:3 | Found a transporter.
 77079 | Depths:3 | Noticed a caustic shrike
 77082 | Depths:3 | Killed a caustic shrike
 77198 | Depths:3 | Identified the ring of Levity {EV+4 Str+3}
 77637 | Depths:3 | Gained mutation: You are dopey. (Int -2) [mutagenic glow]
 77646 | Depths:3 | Gained mutation: You are frail. (-10% HP) [mutagenic glow]
 77825 | Depths:3 | Got the Disquisition on Shape Shifting and Attacks
 78155 | Depths:3 | Identified the ring "Tewutt" {Wiz Int+4}
 78184 | Depths:3 | Lost mutation: You are dopey. (Int -2) [potion of mutation]
 78184 | Depths:3 | Lost mutation: You are frail. (-10% HP) [potion of
                  | mutation]
 78184 | Depths:3 | Gained mutation: You tend to lose your temper in combat.
                  | [potion of mutation]
 78184 | Depths:3 | Gained mutation: You have sharp fingernails. [potion of
                  | mutation]
 78184 | Depths:3 | Gained mutation: You are strong-willed. (Will+) [potion of
                  | mutation]
 78184 | Depths:3 | Gained mutation: You are highly strong-willed. (Will++)
                  | [potion of mutation]
 78185 | Depths:3 | Lost mutation: You are highly strong-willed. (Will++)
                  | [potion of mutation]
 78185 | Depths:3 | Lost mutation: You tend to lose your temper in combat.
                  | [potion of mutation]
 78185 | Depths:3 | Gained mutation: You are occasionally teleported next to
                  | monsters. [potion of mutation]
 78185 | Depths:3 | Gained mutation: You are somewhat resistant to further
                  | mutation. [potion of mutation]
 78186 | Depths:3 | Lost mutation: You have sharp fingernails. [potion of
                  | mutation]
 78186 | Depths:3 | Lost mutation: You are somewhat resistant to further
                  | mutation. [potion of mutation]
 78186 | Depths:3 | Lost mutation: You are strong-willed. (Will+) [potion of
                  | mutation]
 78186 | Depths:3 | Gained mutation: You are weak. (Str -2) [potion of
                  | mutation]
 78186 | Depths:3 | Gained mutation: A frigid envelope surrounds you and
                  | freezes all who hurt you. [potion of mutation]
 78186 | Depths:3 | Gained mutation: You have a pair of small horns on your
                  | head. [potion of mutation]
 78187 | Depths:3 | Lost mutation: You have a pair of small horns on your head.
                  | [potion of mutation]
 78187 | Depths:3 | Lost mutation: You are occasionally teleported next to
                  | monsters. [potion of mutation]
 78187 | Depths:3 | Lost mutation: A frigid envelope surrounds you and freezes
                  | all who hurt you. [potion of mutation]
 78187 | Depths:3 | Gained mutation: You sometimes lose the ability to read
                  | scrolls when taking damage. [potion of mutation]
 78187 | Depths:3 | Gained mutation: Your body sometimes deteriorates upon
                  | taking damage. [potion of mutation]
 78188 | Depths:3 | Lost mutation: You are weak. (Str -2) [potion of mutation]
 78188 | Depths:3 | Lost mutation: Your body sometimes deteriorates upon taking
                  | damage. [potion of mutation]
 78188 | Depths:3 | Lost mutation: You sometimes lose the ability to read
                  | scrolls when taking damage. [potion of mutation]
 78188 | Depths:3 | Gained mutation: You have a pair of small horns on your
                  | head. [potion of mutation]
 78188 | Depths:3 | Gained mutation: You are agile. (Dex +2) [potion of
                  | mutation]
 78364 | Depths:3 | Learned a level 8 spell: Ignition
 78372 | Depths:3 | Learned a level 7 spell: Dragon Form
 78885 | Depths:4 | Entered Level 4 of the Depths
 79044 | Depths:4 | Noticed the Enchantress
 79047 | Depths:4 | Killed the Enchantress
 79161 | Depths:4 | Reached skill level 5 in Stealth
 79428 | Depths:4 | Noticed a golden dragon
 79430 | Depths:4 | Reached XP level 23. HP: 197/203 MP: 39/54
 80867 | Depths:4 | Found a sacrificial altar of Ru.
 81171 | Depths:4 | Found a gate to the Realm of Zot.
 82256 | Vaults:4 | Reached skill level 10 in Dodging
 82834 | Vaults:4 | Identified the amulet "Ocvi" {Reflect rCorr Str+4 SH+5}
 83529 | Vaults:4 | Noticed Saint Roka
 83673 | Vaults:4 | Killed Saint Roka
 85170 | Vaults:5 | Entered Level 5 of the Vaults
 85174 | Vaults:5 | Reached skill level 15 in Fire Magic
 85194 | Vaults:5 | Reached XP level 24. HP: 214/214 MP: 50/54
 85205 | Vaults:5 | Noticed an ancient lich
 85207 | Vaults:5 | Killed an ancient lich
 85293 | Vaults:5 | Identified the +3 trident of the Hidden Continents {vorpal,
                  | rElec Str-2 Int+4}
 85302 | Vaults:5 | Got the Guide on the Birds
 85969 | Vaults:5 | Identified the +9 broad axe of Doors {chaos, rN+}
 86012 | Vaults:5 | Noticed Xtahua
 86017 | Vaults:5 | Killed Xtahua
 86348 | Vaults:5 | Got a silver rune of Zot
 86549 | Vaults:5 | Identified the amulet of Honesty {Spirit Str+4}
 86990 | Vaults:5 | Identified the +9 great sword of the Valley {spect, rF+
                  | Int+4}
 87111 | Vaults:5 | Identified the ring of Wishful Thinking {Fly rC+ Int+3}
 87186 | Vaults:5 | Acquired a +2 pair of gloves of infusion
 88253 | Zot:1    | Entered Level 1 of the Realm of Zot
 88669 | Zot:1    | You fall into a shaft and drop 1 floor!
 89644 | Zot:2    | Found the +8 glaive of the Guard {elec, spectral, AC+5}
 90894 | Zot:3    | Reached XP level 25. HP: 215/223 MP: 12/54
 91052 | Zot:3    | Noticed an orb of fire
 91052 | Zot:3    | Gained mutation: You are dopey. (Int -2) [an orb of fire]
 91054 | Zot:3    | Lost mutation: You are dopey. (Int -2) [an orb of fire]
 91101 | Zot:3    | Identified the +9 long sword of Gucidgh {flame, *Corrode
                  | rElec Int+2}
 91223 | Zot:3    | Killed an orb of fire
 92265 | Zot:4    | Learned a level 6 spell: Dispersal
 93914 | Zot:4    | Noticed an orb of fire
 94294 | Zot:5    | Entered Level 5 of the Realm of Zot
 94313 | Zot:5    | Found Jeekh's Changing Room.
 94446 | Zot:5    | Gained mutation: You sometimes lose the ability to read
                  | scrolls when taking damage. [mutagenic glow]
 94495 | Zot:5    | Noticed an ancient lich
 94496 | Zot:5    | Killed an ancient lich
 96077 | Zot:5    | Noticed a Killer Klown
 96080 | Zot:5    | Killed a Killer Klown
 96228 | Zot:5    | Noticed a Killer Klown
 96236 | Zot:5    | Killed a Killer Klown
 96404 | Zot:5    | Noticed an orb of fire
 96405 | Zot:5    | Gained mutation: You are frail. (-10% HP) [an orb of fire]
 96408 | Zot:5    | Gained mutation: Potions are less effective at restoring
                  | your health. [an orb of fire]
 96409 | Zot:5    | Killed an orb of fire
 96528 | Zot:5    | Noticed a Killer Klown
 96535 | Zot:5    | Killed a Killer Klown
 96555 | Zot:5    | Noticed an orb of fire
 96647 | Zot:5    | Killed an orb of fire
 96903 | Zot:5    | Noticed an orb of fire
 96909 | Zot:5    | Noticed an orb of fire
 97145 | Zot:5    | Killed an orb of fire
 97482 | Zot:5    | Noticed a Killer Klown
 97484 | Zot:5    | Noticed an orb of fire
 97485 | Zot:5    | Killed a Killer Klown
 97488 | Zot:5    | Noticed an orb of fire
 97490 | Zot:5    | Gained mutation: You occasionally shout uncontrollably at
                  | your foes. [an orb of fire]
 97490 | Zot:5    | Gained mutation: You have hidden genetic defects. [an orb
                  | of fire]
 97502 | Zot:4    | HP: 9/202 [orb of fire/fireball (16)]
 97504 | Zot:4    | Lost mutation: You are agile. (Dex +2) [an orb of fire]
 97505 | Zot:4    | Gained mutation: Your large and strong wings let you fly.
                  | [an orb of fire]
 97505 | Zot:4    | Killed from afar by an orb of fire

Illustrated notes

Levels and vault maps discovered:
D:1:      dpeg_arrival_tiny_a, layout_loops_cross
D:2:      layout_loops_corners, minmay_close_crescents, uniq_terence, uniq_robin
D:3:      layout_rooms
D:4:      layout_basic, uniq_menkaure
D:5:      layout_basic
D:6:      layout_basic, minivault_26
D:7:      layout_basic, minmay_temple_entry_mini_moons, nicolae_water_bricks,
          serial_park_tiny_pond, uniq_prince_ribbit1, uniq_duvessa, uniq_maggie
D:8:      layout_basic, hangedman_decor_clover_reticule,
          nicolae_elevator_lobby_asterisk, uniq_harold
D:9:      layout_rooms, lightli_temple_of_fire, zombieorc2_lemuel,
          hellmonk_ghost_happy_afterlife, serial_shops, nicolae_diamond_shop,
          uniq_joseph
D:10:     layout_irregular_city
D:11:     layout_basic, erik_lair_orcish_takeover, special_room
          [special_room_bee], serial_shops, shop,
          beargit_hepliaklqana_dungeon_heroes, uniq_grum
D:12:     layout_cave_pools, portal_ice_cave_rime, ebering_ghost_xom,
          ebering_dispersal_statue_hall, zin_statuary
D:13:     layout_cave_pools, david_vaults_4, nicolae_two_hexagons, drop_trap
D:14:     layout_small_grid, hangedman_glass_teeth, grunt_ministairs_14,
          minmay_statue_crystal_thing, uniq_roxanne, uniq_azrael, uniq_louise
D:15:     grunt_enter_depths_magical_seal, layout_cave_pods,
          evilmike_ruin_ashenzari, uniq_rupert
Temple:   kilobyte_greek_temple
Lair:1:   layout_long_grid, roderic_batcave
Lair:2:   layout_big_grid, spider_nest_entry_a, nicolae_volcano_entry_two_sided,
          lemuel_fruit_tree, uniq_gastronok
Lair:3:   layout_loops_ring, skrybe_swamp_entry_bodies, serial_bayou_shore_b
Lair:4:   layout_misc_corridors, chequers_serial_rivers_room_a
Lair:5:   gammafunk_cloud_chamber, layout_layer_cave, slime_altar_1
Lair:6:   hangedman_lair_in_review, layout_misc_corridors,
          hangedman_lair_caniforms_friends, serial_bayou, serial_bayou_pond_e,
          serial_bayou_crossing, serial_bayou_lake_a, serial_bayou_pond_a,
          uniq_kirke
Swamp:1:  layout_falls_marsh, hangedman_swamp_ruin_wall
Swamp:2:  layout_basic_swamp, serial_swamp_ruin, evilmike_swamp_ruin_house_5,
          evilmike_swamp_ruin_house_6, swamp_pool2, nicolae_swamp_godswood,
          roderic_carrion_pond
Swamp:3:  layout_basic_swamp, evilmike_swamp_ruin_house_2, swamp_pool3,
          nicolae_swamp_nymph_family_reunion
Swamp:4:  swamp_old_school, layout_basic_swamp, swamp_pool3,
          infiniplex_staircase_pool_2
Spider:1: nicolae_spider_hilbert_zone_1 [nicolae_spider_hilbert_4_sides_1_open,
          nicolae_spider_hilbert_4_sides_1_open,
          nicolae_spider_hilbert_4_sides_1_open,
          nicolae_spider_hilbert_4_sides_1_open,
          nicolae_spider_hilbert_3_sides_1_open,
          nicolae_spider_hilbert_3_sides_1_open,
          nicolae_spider_hilbert_3_sides_1_open,
          nicolae_spider_hilbert_3_sides_1_open,
          nicolae_spider_hilbert_3_sides_1_open,
          nicolae_spider_hilbert_6_sides_1_open,
          nicolae_spider_hilbert_6_sides_1_open,
          nicolae_spider_hilbert_3_sides_1_open,
          nicolae_spider_hilbert_3_sides_1_open,
          nicolae_spider_hilbert_3_sides_1_open,
          nicolae_spider_hilbert_3_sides_1_open,
          nicolae_spider_hilbert_2_sides_1_open]
Spider:2: layout_spider_delve
Spider:3: layout_spider_delve, drop_trap, uniq_asterion, uniq_donald
Spider:4: grunt_spider_rune_parallel
Orc:1:    layout_diamond_mine
Orc:2:    grunt_orc_cross, layout_caves, special_room, ebering_ghost_inner_flame
Elf:1:    minmay_elf_arrival_plus, layout_geoelf_diagonals, minmay_elf_sorcery,
          drop_trap
Elf:2:    nicolae_elf_blades_splatter_lattice [infiniplex_blade_entry_pillars],
          layout_rooms, portal_desolation_entry_nicolae_forbidding_blocks,
          serial_shops, nicolae_diamond_shop, shop,
          nicolae_shop_bloodbath_and_beyond, nicolae_square_shop,
          nicolae_shop_hallway_plus
Elf:3:    minmay_elf_hall, layout_onion_city, nicolae_trove_entry_crystal,
          serial_shops, nicolae_shop_crystal, drop_trap
Vaults:1: ontoclasm_vaults_ring_small, nicolae_vaults_little_squares_5,
          st_octagons_1, nicolae_vaults_little_squares_6, vaults_room_grid,
          v_misc_16, ontoclasm_vaults_fault, nicolae_vaults_little_squares_5,
          nicolae_vaults_asterisk, vaults_dpeg_cross, layout_vaults_omnicross,
          serial_shops, shop
Vaults:2: vaults_mumra_bighexcomb, grunt_vaults_twisty,
          vaults_standard_mumra_enter_the_diamond, hangedman_vaults_stream,
          ontoclasm_vaults_hangar, vaults_mumra_chevron, v_pattern_5,
          layout_vaults_omnibox, serial_shops, nicolae_shop_hallway_plus,
          uniq_sojobo
Vaults:3: minmay_crypt_entry_simple_corners, ontoclasm_vaults_ligature,
          nicolae_vaults_border_crossing, hangedman_vaults_cutoff,
          ontoclasm_vaults_shout, hangedman_vaults_impose, vaults_mumra_hex,
          ontoclasm_vaults_hangar, vaults_room_fours, v_pattern_4,
          layout_vaults_quadrants
Vaults:4: hangedman_vaults_slice, nicolae_vaults_network_star,
          hangedman_vaults_nails, nicolae_vaults_arrows,
          nicolae_vaults_ring_of_whatevers, vaults_room_fancy_cross,
          nicolae_vaults_big_ls, v_misc_10, grunt_vaults_diagonal,
          ontoclasm_vaults_idyll, ontoclasm_vaults_fire_temple,
          vaults_dpeg_diagonal, ontoclasm_vaults_misaligned, layout_vaults_maze,
          uniq_saint_roka
Vaults:5: uniq_xtahua
Depths:1: layout_cave_pools, hell_entry, trog_three_pillars_becter,
          kennysheep_cluttered_room, minivault_16, minmay_orc_keep
Depths:2: hangedman_cross_stitches, layout_cave_pools, enter_ziggurat_f,
          hellmouth_1, minmay_misc_feat_nine_boxes, serial_shops,
          nicolae_shop_behind_doors, pan_entry, amcnicky_mini_pool_medium,
          minmay_staircase_windowed_large, uniq_nikola
Depths:3: hangedman_spin_cycle, hell_entry, abyss_entry, pan_entry
Depths:4: grunt_zot_entry_gee_three, layout_gridlike, rand_demon_pan_entry_7,
          hangedman_tar_grid_catacomb, nicolae_ru_path_of_blood,
          uniq_enchantress
Zot:1:    layout_basic, st_stairs_12
Zot:2:    layout_basic
Zot:3:    layout_misc_corridors
Zot:4:    layout_gridlike, nrook_zot_tub
Zot:5:    layout_misc_corridors, nicolae_transmutations_shop

Skill      XL: |  1  2  3  4  5  6  7  8  9 10 11 12 13 14 15 16 17 18 19 20 21 22 23 24 25 |
---------------+----------------------------------------------------------------------------+-----
Spellcasting   | 3 4 5 7 8 9 10 12 13 14 16 17 19 21 22 23 24 26 27 | 27.0
Fighting       | 1 3 4 5 6 7 9 10 11 12 13 14 15 16 17 18 | 18.5
Stealth        | 2 3 4 5 |  5.3
Conjurations   | 5 6 8 9 10 12 13 14 15 16 17 18 20 21 22 23 24 | 24.4
Dodging        | 2 3 4 5 9 11 12 13 | 13.7
Translocations | 1 2 3 5 6 7 8 9 10 | 10.5
Hexes          | 2 3 4 5 |  5.4
Poison Magic   | 4 5 6 7 8 |  8.8
Shields        | 1 4 |  4.0
Fire Magic     | 4 5 6 7 8 9 11 15 19 20 | 20.9
Transmutations | 1 2 3 4 |  4.8
Air Magic      | 1 2 |  2.9
Earth Magic    | |  0.5

Action                   |  1- 3 |  4- 6 |  7- 9 | 10-12 | 13-15 | 16-18 | 19-21 | 22-24 | 25-27 || total
-------------------------+-------+-------+-------+-------+-------+-------+-------+-------+-------++-------
Melee: Short sword       |     6 |       |    23 |       |       |       |       |       |       ||    29
       Dagger            |     3 |       |       |       |       |       |       |       |       ||     3
       Tailslap          |     2 |       |     4 |     1 |       |     4 |     1 |       |       ||    12
       Unarmed           |     7 |       |       |       |       |       |       |       |       ||     7
       War axe           |       |       |       |    38 |    14 |    35 |     4 |       |       ||    91
 Cast: Magic Dart        |    69 |   110 |   146 |   205 |   467 |   658 |   892 |   362 |    14 ||  2923
       Searing Ray       |     2 |     8 |    71 |    50 |    78 |     2 |       |       |       ||   211
       Iskenderun's Myst |       |       |    11 |    81 |   184 |   304 |   360 |   167 |    32 ||  1139
       Fulminant Prism   |       |       |       |    78 |    87 |    24 |    14 |     1 |       ||   204
       Mephitic Cloud    |       |       |       |    15 |    72 |    12 |     2 |       |       ||   101
       Ignite Poison     |       |       |       |     7 |    94 |    65 |    26 |       |       ||   192
       Olgreb's Toxic Ra |       |       |       |     2 |    46 |    45 |    18 |       |       ||   111
       Starburst         |       |       |       |       |    34 |    36 |    56 |     3 |       ||   129
       Stone Arrow       |       |       |       |       |     3 |     3 |       |     1 |       ||     7
       Swiftness         |       |       |       |       |     1 |     6 |     1 |       |       ||     8
       Passwall          |       |       |       |       |     1 |       |       |       |       ||     1
       Orb of Destructio |       |       |       |       |    46 |    89 |   139 |   161 |    11 ||   446
       Iskenderun's Batt |       |       |       |       |       |   167 |   218 |   157 |    58 ||   600
       Fire Storm        |       |       |       |       |       |       |       |   212 |   134 ||   346
       Ignition          |       |       |       |       |       |       |       |    14 |       ||    14
       Dragon Form       |       |       |       |       |       |       |       |     1 |       ||     1
       Dispersal         |       |       |       |       |       |       |       |       |     2 ||     2
  Use: Scroll            |       |    15 |       |     8 |     4 |    10 |     6 |     4 |     5 ||    52
       Potion            |       |       |     4 |     2 |       |     9 |       |    13 |    10 ||    38
 Stab: Confused          |       |       |       |     1 |       |       |       |       |       ||     1
Armor: Skin              |     9 |    12 |    28 |    50 |    43 |   148 |    42 |    15 |     1 ||   348
Dodge: Dodged            |    26 |    25 |    65 |    65 |   117 |   189 |   117 |    69 |    11 ||   684
Block: Other             |       |       |    12 |    27 |    28 |       |       |       |       ||    67
       Reflection        |       |       |       |     3 |     5 |    17 |    48 |     7 |     1 ||    81
       Buckler           |       |       |       |       |    27 |   115 |    95 |    25 |     3 ||   265

Table legend: (Time is in decaauts)
 A = Elapsed time spent in this place.
 B = Non-inter-level travel time spent in this place.
 C = Inter-level travel time spent in this place.
 D = Time resting spent in this place.
 E = Time spent auto-exploring this place.
 F = Levels seen in this place.
 G = Mean time per level.
                   A        B        C        D        E       F      G
               +--------+--------+--------+--------+--------+-----+--------+
         Total |  98079 |  88509 |   9570 |  32529 |  38890 |  52 | 1886.1 |
       Dungeon |  24116 |  20817 |   3299 |   6382 |  11505 |  15 | 1607.7 |
        Temple |    172 |    164 |      8 |      0 |    155 |   1 |  172.0 |
          Lair |  10812 |   9576 |   1236 |   3661 |   4376 |   6 | 1802.0 |
         Swamp |   5792 |   5482 |    310 |   1685 |   2951 |   4 | 1448.0 |
   Spider Nest |   8602 |   8042 |    560 |   3554 |   3066 |   4 | 2150.5 |
  Orcish Mines |   2891 |   2453 |    438 |    729 |   1163 |   2 | 1445.5 |
   Elven Halls |   6528 |   6025 |    503 |   1801 |   2812 |   3 | 2176.0 |
        Vaults |  15308 |  13804 |   1504 |   5076 |   5765 |   5 | 3061.6 |
        Depths |  10489 |   9711 |    778 |   4266 |   3539 |   4 | 2622.2 |
           Zot |   8546 |   7616 |    930 |   3390 |   2240 |   5 | 1709.2 |
      Ice Cave |    816 |    816 |      0 |    348 |    245 |   1 |  816.0 |
       Volcano |   1102 |   1102 |      0 |    497 |    332 |   1 | 1102.0 |
    Desolation |   2899 |   2899 |      0 |   1139 |    738 |   1 | 2899.0 |
               +--------+--------+--------+--------+--------+-----+--------+

Top non-repeatable levels by time:
Vaults:2: 3640 daAuts
Depths:3: 3486 daAuts
  Lair:6: 3483 daAuts
Vaults:3: 3185 daAuts
Vaults:4: 3162 daAuts
Desolation: 2899 daAuts
Spider:4: 2863 daAuts
     D:9: 2801 daAuts
Vaults:5: 2738 daAuts
Depths:4: 2596 daAuts
Vaults:1: 2580 daAuts
    D:14: 2472 daAuts
   Zot:4: 2462 daAuts
   Elf:2: 2407 daAuts
    D:15: 2396 daAuts
